 Dungeon Crawl Stone Soup version 0.29.1-1-gd02db6906a (webtiles) character file.

Game seed: 10432262073785809962

1226 xian the Cudgeller (level 8, -1/78 HPs)
             Began as a Troll Gladiator on Sept 28, 2022.
             Slain by Edmund
             ... wielding a +3 dire flail of protection
              (9 damage)
             ... on level 5 of the Dungeon.
             The game lasted 00:14:07 (4171 turns).

xian the Cudgeller (Troll Gladiator)                Turns: 4171, Time: 00:14:07

Health: -1/78      AC:  5    Str: 25    XL:     8   Next: 23%
Magic:  7/7        EV: 10    Int:  4    God:
Gold:   258        SH:  0    Dex: 11    Spells: 7/7 levels left

rFire   + . .      SeeInvis .   a - +0 flail
rCold   . . .      Faith    .   (no shield)
rNeg    + . .      Spirit   .   w - +0 robe {rF+}
rPois   .          Reflect  .   c - +0 hat
rElec   .          Harm     .   f - +0 cloak
rCorr   .          Rampage  .   (gloves unavailable)
Will    .....                   (boots unavailable)
Stlth   +.........              (no amulet)
HPRegen 1.03/turn               q - ring of positive energy
MPRegen 0.10/turn               (no ring)

@: mighty
A: large, unfitting armour, claws 3, regeneration 1, shaggy fur 1, tough skin 1
a: no special abilities


You were on level 5 of the Dungeon.
You visited 1 branch of the dungeon, and saw 5 of its levels.
You also visited: Sewer and Ossuary.

You collected 258 gold pieces.

Inventory:

Hand Weapons
 a - a +0 flail (weapon)
 n - a +3 shortbow of freezing
Missiles
 d - 3 throwing nets
 e - a large rock
 j - 21 poisoned darts (quivered)
 E - 15 stones
Armour
 b - a +0 kite shield
 c - a +0 hat (worn)
 f - a +0 cloak (worn)
 t - the +15 plate armour "Ecvaohiu" {MP+9 Str-4 Dex+9}
   (You found it on level 4 of the Dungeon)

   Str:       It affects your strength (-4).
   Dex:       It affects your dexterity (+9).
   MP:        It affects your magic capacity (+9).
 w - a +0 robe of fire resistance (worn)
Jewellery
 q - a ring of positive energy (left claw)
Wands
 y - a wand of charming (5)
Scrolls
 g - 2 scrolls of teleportation
 h - a scroll of enchant weapon
 m - 7 scrolls of blinking
 p - 5 scrolls of poison
 x - 2 scrolls of vulnerability
 C - a scroll of identify
 D - a scroll of silence {unknown}
Potions
 i - a potion of heal wounds
 l - 2 potions of invisibility
 o - 2 potions of curing {unknown}
 r - a potion of mutation
 s - 3 potions of flight
 u - 2 potions of attraction
 v - 2 potions of lignification
 z - 2 potions of resistance {unknown}
 A - a potion of experience {unknown}
 B - 2 potions of ambrosia {unknown}


   Skills:
 + Level 3.8 Fighting
 + Level 5.4 Maces & Flails
 + Level 3.9 Ranged Weapons
 + Level 2.4 Throwing
 + Level 3.9 Dodging
 + Level 0.2 Stealth


You had 7 spell levels left.
You didn't know any spells.
Your spell library contained the following spells:

 Spells                   Type           Power      Damage    Failure   Level
 Beastly Appendage        Tmut           0%         N/A       50%         1
 Foxfire                  Conj/Fire      0%         2x1d4     50%         1
 Sting                    Tmut/Pois      0%         1d3       50%         1
 Poisonous Vapours        Pois/Air       0%         N/A       65%         2
 Wereblood                Tmut           0%         N/A       65%         2
 Conjure Flame            Conj/Fire      0%         6-21      86%         3
 Inner Flame              Hex/Fire       0%         N/A       86%         3
 Spider Form              Tmut/Pois      0%         N/A       86%         3
 Flame Wave               Conj/Fire      0%         2d4       99%         4
 Olgreb's Toxic Radiance  Pois           0%         N/A       99%         4


Dungeon Overview and Level Annotations

Branches:
Dungeon (5/15)              Sewer (visited)         Ossuary (visited)
 Temple: D:4-7

Altars:
Xom

Annotations:
D:5 Edmund


Innate Abilities, Weirdness & Mutations

You are too large for most types of armour.
You have claws for hands.
Your natural rate of healing is unusually fast.
You are covered in fur. (AC +1)
You have tough skin. (AC +1)


Message History

You feel much better. Edmund misses you.
You feel very mighty all of a sudden.
Edmund hits you with a +3 dire flail of protection!
* * * LOW HITPOINT WARNING * * *
You barely miss Edmund.
Edmund is moderately wounded.
Edmund hits you with a +3 dire flail of protection.
* * * LOW HITPOINT WARNING * * *
You barely miss Edmund.
Edmund is moderately wounded.
Edmund hits you with a +3 dire flail of protection.
* * * LOW HITPOINT WARNING * * *
You hit Edmund.
Edmund is moderately wounded.
Edmund says, "People accused me of being a cutpurse!"
Edmund closely misses you.
You thump Edmund!
Edmund is heavily wounded.
Edmund barely misses you.
You barely miss Edmund.
Edmund is heavily wounded.
Edmund hits you with a +3 dire flail of protection.
* * * LOW HITPOINT WARNING * * *
You hit Edmund but do no damage.
Edmund is heavily wounded.
Edmund hits you with a +3 dire flail of protection.
* * * LOW HITPOINT WARNING * * *
You hit Edmund.
Edmund is severely wounded.
Edmund hits you with a +3 dire flail of protection.
* * * LOW HITPOINT WARNING * * *
Edmund barely misses you.
You sock Edmund!
Edmund is almost dead.
Edmund hits you with a +3 dire flail of protection!
* * * LOW HITPOINT WARNING * * *
You hit Edmund.
Edmund is almost dead.
Edmund hits you with a +3 dire flail of protection!
You die...

... ≈~~~.. #.~ ..... #...
..... .....##...
.....#...###... #......#.#...
###.@........ #.###@........
...#≈#..#..........
.....≈..............
.....~..##..#.......
.....~.####.##..... .
.###..###......#†.###.
..#.................. ##
..................#. ...##
.#g##.#.........#†....#...#..#


You could see Edmund.

Vanquished Creatures
  2 black bears
  An ogre (D:4)
  A centaur (D:5)
  2 elf zombies (Ossuary)
  2 bullfrogs (Sewer)
  A gnoll bouda (D:5)
  3 hounds
  3 human zombies (Ossuary)
  3 iguanas
  Terence (D:2)
  2 mummies (Ossuary)
  8 gnolls
  3 adders
  An adder zombie (Ossuary)
  2 dart slugs
  6 orcs
  13 ball pythons
  2 bats
  18 endoplasms
  13 giant cockroaches
  7 hobgoblins
  8 jackals
  15 quokkas
  8 frilled lizards
  9 goblins
  A goblin zombie (Ossuary)
  8 hobgoblin zombies (Ossuary)
  2 jackal zombies
  8 kobolds
  9 kobold zombies (Ossuary)
  10 orc zombies (Ossuary)
  6 rats
  2 rat zombies (Ossuary)
180 creatures vanquished.

Notes
Turn   | Place    | Note
-------+----------+-------------------------------------------
     0 | D:1      | xian the Troll Gladiator began the quest for the Orb.
     0 | D:1      | Reached XP level 1. HP: 19/19 MP: 0/0
   171 | D:1      | Reached XP level 2. HP: 28/28 MP: 1/1
   338 | D:1      | Found a faded altar of an unknown god.
   651 | D:1      | Reached skill level 3 in Maces & Flails
   920 | D:2      | Reached XP level 3. HP: 35/35 MP: 2/2
  1306 | D:2      | Reached XP level 4. HP: 13/42 MP: 3/3
  1404 | D:2      | Noticed Terence
  1412 | D:2      | Killed Terence
  1413 | D:2      | Reached skill level 4 in Maces & Flails
  1693 | D:3      | Found a glowing drain.
  1704 | Sewer    | Entered a sewer
  1826 | Sewer    | Reached XP level 5. HP: 43/49 MP: 4/4
  2006 | Sewer    | Reached XP level 6. HP: 49/59 MP: 5/5
  2147 | D:3      | Reached skill level 5 in Maces & Flails
  2198 | D:3      | Found a shimmering altar of Xom.
  2710 | D:4      | Reached skill level 1 in Ranged Weapons
  2710 | D:4      | Reached XP level 7. HP: 26/67 MP: 6/6
  2920 | D:4      | Found a sand-covered staircase.
  2924 | D:4      | Identified the +15 plate armour "Ecvaohiu" {MP+9 Str-4
                  | Dex+9}
  2937 | Ossuary  | Entered an ossuary
  3542 | D:5      | Entered Level 5 of the Dungeon
  3863 | D:5      | Reached XP level 8. HP: 73/75 MP: 7/7
  4145 | D:5      | Noticed Edmund
  4171 | D:5      | Slain by Edmund

Illustrated notes

Levels and vault maps discovered:
D:1:      lordsloth_arrival_two_stooges, layout_basic,
          shapermc_ecumenical_altar_petra, fountainhead
D:2:      layout_basic, uniq_terence
D:3:      layout_basic, mainiacjoe_overflow_24_doors, portal_sewer_entry_d,
          minmay_box_of_dots
D:4:      minmay_door_path, layout_rooms, enter_ossuary_3
D:5:      layout_cave_pools, serial_rivers, chequers_serial_rivers_micro_e,
          chequers_serial_rivers_large_a, chequers_serial_rivers_small_a,
          chequers_serial_rivers_micro_b, kb_lookout_dungeons_type, uniq_edmund,
          uniq_crazy_yiuf_cottage

Skill      XL: |  1  2  3  4  5  6  7 |
---------------+----------------------+-----
Maces & Flails | 3 4 5 |  5.4
Throwing       | 2 |  2.4
Fighting       | 2 3 |  3.8
Dodging        | 3 |  3.9
Ranged Weapons | 1 3 |  3.9
Stealth        | |  0.2

Action                   |  1- 3 |  4- 6 |  7- 9 || total
-------------------------+-------+-------+-------++-------
Melee: Flail             |   114 |   171 |    12 ||   297
       Punch             |       |     1 |       ||     1
 Fire: Shortbow          |       |    30 |   282 ||   312
Throw: Stone             |    11 |    16 |       ||    27
       Dart              |     2 |     6 |       ||     8
  Use: Scroll            |     5 |     8 |     2 ||    15
       Potion            |       |       |     2 ||     2
Armor: Robe              |    61 |    96 |    68 ||   225
Dodge: Dodged            |    83 |   163 |   105 ||   351
